 Dungeon Crawl Stone Soup version 0.31-a0-1165-g196b491b36 (webtiles) character file.

Game seed: 951039967324600549

663 Lobster4 the Slasher (level 7, -2/52 HPs)
             Began as a Djinni Gladiator on Dec 9, 2023.
             Was an Initiate of Nemelex Xobeh.
             Slain by a black bear (6 damage)
             ... on level 5 of the Dungeon.
             The game lasted 00:15:10 (3965 turns).

Lobster4 the Slasher (Djinni Gladiator)             Turns: 3965, Time: 00:15:10

Health: -2/52      AC:  7    Str: 13    XL:     7   Next: 87%
Gold:   215        EV: 12    Int: 12    God:    Nemelex Xobeh [......] SH:  0 Dex: 14

rFire   + + +        h - +0 rapier
rCold   . . .        (no shield)
rNeg    . . .        s - +0 leather armour {rC+}
rPois   ∞            i - +0 helmet
rElec   .            (no cloak)
rCorr   .            c - +2 pair of gloves
SInv    .            (boots unavailable)
Will    .....        w - amulet of regeneration
Stlth   +            j - ring of protection from fire
HPRegen 1.08/turn    (no ring)
MPRegen 0.00/turn

%: infuse magic (-3 HP)
@: flying
A: sickness immunity, fire resistance 2, cold vulnerability 1, float, innate
caster, HP casting, extra vitality 1
a: Renounce Religion, Draw Escape, Draw Destruction, Draw Summoning


You were on level 5 of the Dungeon.
You worshipped Nemelex Xobeh.
Nemelex Xobeh was noncommittal.
You visited 1 branch of the dungeon, and saw 5 of its levels.

You collected 215 gold pieces.

Inventory:

Hand Weapons
 a - a +1 long sword
 h - a +0 rapier (weapon)
 l - a +1 antimagic spear
 y - a +0 sling
Missiles
 d - a throwing net
 e - a javelin
 p - 4 boomerangs (quivered)
Armour
 c - a +2 pair of gloves (worn)
 g - a +0 ring mail
 i - a +0 helmet (worn)
 s - a +0 leather armour of cold resistance (worn)
Magical Staves
 k - a staff of death
Jewellery
 j - a ring of protection from fire (left hand)
 w - an amulet of regeneration (around neck)
Wands
 b - a wand of digging (5)
 q - a wand of charming (3)
 v - a wand of iceblast (13)
Scrolls
 o - 2 scrolls of vulnerability
 r - a scroll of fear {unknown}
 t - a scroll of enchant armour {unknown}
 u - 2 scrolls of immolation {unknown}
Potions
 f - a potion of curing
 m - 4 potions of enlightenment {unknown}
 x - a potion of brilliance
 z - a potion of mutation {unknown}


   Skills:
 + Level 4.2 Fighting
 + Level 4.3 Long Blades
 + Level 2.7 Staves
 - Level 2.0 Throwing
 - Level 3.0 Armour
 - Level 3.2 Dodging
 + Level 1.7 Spellcasting
 + Level 1.7 Conjurations
 + Level 1.7 Hexes
   Level 0.0 Charms
 + Level 1.7 Summonings
 + Level 1.7 Necromancy
 + Level 1.7 Translocations
 + Level 1.7 Transmutations
 + Level 1.7 Fire Magic
 + Level 1.7 Ice Magic
 + Level 1.7 Air Magic
 + Level 1.7 Earth Magic
 + Level 1.7 Poison Magic
 + Level 0.3 Invocations
 + Level 0.3 Evocations


You knew the following spells:

 Your Spells              Type           Power      Damage    Failure   Level
a - Necrotise             Necr           20%        1d5       19%         1
b - Call Imp              Summ           10%        N/A       26%         2
c - Mephitic Cloud        Conj/Pois/Air  5%         N/A       47%         3
Your spell library was empty.

Dungeon Overview and Level Annotations

Branches:
Dungeon (5/15)
 Temple: D:4-7

Altars:
Nemelex Xobeh


Innate Abilities, Weirdness & Mutations

You are immune to sickness and miasma.
You are immune to poison.
Your flesh is very heat resistant. (rF++)
You are vulnerable to cold. (rC-)
You float through the air rather than walking.
You learn spells naturally, not from books.
Your magical power is your life essence.
You have superior vitality. (+4 MHP)


Message History

Okay, then.
You feel better. The black bear barely misses you.
The black bear claws you but does no damage. x2
You closely miss the black bear.
The black bear is almost dead.
The black bear bites you but does no damage.
The black bear closely misses you. The black bear completely misses you.
The black bear bites you but does no damage.
The black bear closely misses you. The black bear completely misses you.
Casting: Necrotise (safe; 19% risk of failure)
Confirm with . or Enter, or press ? or * to list all spells.
Aiming: Necrotise (safe; 19% risk of failure)
Press: ? - help, Shift-Dir - straight line, f/p - black bear
Aim: a black bear (almost dead, berserk, chance to affect: 50%)
The black bear resists with some effort.
The black bear bites you! The black bear misses you.
The black bear claws you but does no damage.
Casting: Necrotise (safe; 19% risk of failure)
Confirm with . or Enter, or press ? or * to list all spells.
Aiming: Necrotise (safe; 19% risk of failure)
Press: ? - help, Shift-Dir - straight line, f/p - black bear
Aim: a black bear (almost dead, berserk, chance to affect: 50%)
The black bear resists with some effort.
The black bear bites you. The black bear completely misses you.
The black bear barely misses you. The black bear bites you!
* * * LOW HITPOINT WARNING * * *
The black bear claws you.
* * * LOW HITPOINT WARNING * * *
The black bear claws you.
* * * LOW HITPOINT WARNING * * *
You feel better. The black bear closely misses you. x2
The black bear claws you but does no damage.
As you read the scroll labelled LUIVUS PYOCUPUSE, it crumbles to dust.
It is a scroll of enchant weapon.
Your +0 long sword glows red for a moment.
The black bear bites you!
* * * LOW HITPOINT WARNING * * *
The black bear barely misses you. x2; The black bear bites you.
You die...
Your body disappears without a glow.

######.#.##..####...............
#.#...).# #...............
##'#.##..####.).............
...........)...........#####
.......#.###...........#####
............................
....####.##.................
....####.###................
...........@h............... ..
..#.#.#.##.....>.........
#.....##...............
#.#.#.##............... # #.#.#
##########..... #.### #.....
#)....# #..... #.#####


You could see a black bear (berserk).

Vanquished Creatures
  Eustachio (D:4)
  3 jellies
  A hound (D:5)
  An orc priest (D:5)
  5 iguanas
  Jessica (D:3)
  4 gnolls
  7 adders
  A dart slug (D:3)
  4 orcs
  8 endoplasms
  4 giant cockroaches
  5 goblins
  5 hobgoblins
  8 jackals
  5 kobolds
  2 quokkas
  4 ball pythons
  4 bats
  3 frilled lizards
  6 rats
82 creatures vanquished.

Vanquished Creatures (collateral kills)
  A gnoll (D:5)
1 creature vanquished.

Vanquished Creatures (others)
  An iguana (D:5)
1 creature vanquished.

Grand Total: 84 creatures vanquished

Notes
Turn   | Place    | Note
-------+----------+-------------------------------------------
     0 | D:1      | Lobster4 the Djinni Gladiator began the quest for the Orb.
     0 | D:1      | Reached XP level 1. HP: 18/18 MP: 0/0
   128 | D:1      | Reached XP level 2. HP: 23/23 MP: 0/0
   513 | D:1      | Reached skill level 1 in Armour
   513 | D:1      | Reached XP level 3. HP: 29/29 MP: 0/0
   513 | D:1      | Learned a level 1 spell: Necrotise
   722 | D:1      | Found a faded altar of an unknown god.
  1095 | D:2      | Reached XP level 4. HP: 17/34 MP: 0/0
  1787 | D:3      | Noticed a sky beast
  1869 | D:3      | Reached XP level 5. HP: 40/40 MP: 0/0
  1869 | D:3      | Learned a level 2 spell: Call Imp
  1999 | D:3      | Noticed Jessica
  2003 | D:3      | Killed Jessica
  2145 | D:4      | Reached skill level 1 in Staves
  2279 | D:4      | Reached XP level 6. HP: 31/46 MP: 0/0
  2579 | D:4      | Noticed Eustachio
  2806 | D:4      | Reached skill level 1 in Spellcasting
  2806 | D:4      | Reached skill level 1 in Conjurations
  2806 | D:4      | Reached skill level 1 in Hexes
  2806 | D:4      | Reached skill level 1 in Summonings
  2806 | D:4      | Reached skill level 1 in Necromancy
  2806 | D:4      | Reached skill level 1 in Translocations
  2806 | D:4      | Reached skill level 1 in Transmutations
  2806 | D:4      | Reached skill level 1 in Fire Magic
  2806 | D:4      | Reached skill level 1 in Ice Magic
  2806 | D:4      | Reached skill level 1 in Air Magic
  2806 | D:4      | Reached skill level 1 in Earth Magic
  2806 | D:4      | Reached skill level 1 in Poison Magic
  2910 | D:4      | Killed Eustachio
  2911 | D:4      | Reached XP level 7. HP: 29/51 MP: 0/0
  2911 | D:4      | Learned a level 3 spell: Mephitic Cloud
  3392 | D:5      | Entered Level 5 of the Dungeon
  3609 | D:5      | Found a sparkling altar of Nemelex Xobeh.
  3653 | D:5      | Became a worshipper of Nemelex Xobeh the Trickster
  3965 | D:5      | Slain by a black bear

Illustrated notes

Levels and vault maps discovered:
D:1:      noname_arrival_rooms_in_the_neighbourhood, layout_basic,
          shapermc_ecumenical_altar_acropolis
D:2:      layout_loops_ring, st_stairs_5, minmay_heptomino_h4
D:3:      layout_basic, uniq_jessica
D:4:      minmay_general_purpose_star, layout_loops_ring, minmay_bent,
          uniq_eustachio
D:5:      layout_basic, mainiacjoe_overflow_alcove_2

Skill      XL: |  1  2  3  4  5  6  7 |
---------------+----------------------+-----
Long Blades    | 3 4 |  4.3
Armour         | 1 2 3 |  3.0
Throwing       | 2 |  2.0
Fighting       | 3 4 |  4.2
Staves         | 1 2 |  2.7
Spellcasting   | 1 |  1.7
Conjurations   | 1 |  1.7
Hexes          | 1 |  1.7
Summonings     | 1 |  1.7
Necromancy     | 1 |  1.7
Translocations | 1 |  1.7
Transmutations | 1 |  1.7
Fire Magic     | 1 |  1.7
Ice Magic      | 1 |  1.7
Air Magic      | 1 |  1.7
Earth Magic    | 1 |  1.7
Poison Magic   | 1 |  1.7
Dodging        | |  3.2
Invocations    | |  0.3
Evocations     | |  0.3

Action                     |  1- 3 |  4- 6 |  7- 9 || total
---------------------------+-------+-------+-------++-------
  Melee: Long sword        |    98 |   103 |       ||   201
         Rapier            |       |    36 |   105 ||   141
         Punch             |       |       |     3 ||     3
  Throw: Throwing net      |     2 |     3 |     1 ||     6
         Boomerang         |       |    17 |    12 ||    29
         Javelin           |       |       |     1 ||     1
   Cast: Necrotise         |       |     2 |    17 ||    19
         Call Imp          |       |       |     1 ||     1
  Evoke: Wand              |       |     2 |     3 ||     5
    Use: Scroll            |       |     6 |     3 ||     9
         Potion            |       |     4 |     2 ||     6
   Stab: Held in net/web   |     1 |       |       ||     1
         Sleeping          |       |     1 |       ||     1
 Armour: Leather armour    |    57 |   105 |   111 ||   273
  Dodge: Dodged            |    79 |   123 |   106 ||   308

Table legend: (Time is in decaauts)
 A = Elapsed time spent in this place.
 B = Non-inter-level travel time spent in this place.
 C = Inter-level travel time spent in this place.
 D = Time resting spent in this place.
 E = Time spent auto-exploring this place.
 F = Levels seen in this place.
 G = Mean time per level.
                   A        B        C        D        E       F      G
               +--------+--------+--------+--------+--------+-----+--------+
         Total |   4010 |   3742 |    268 |    198 |   2433 |   5 |  802.0 |
       Dungeon |   4010 |   3742 |    268 |    198 |   2433 |   5 |  802.0 |
               +--------+--------+--------+--------+--------+-----+--------+

Top non-repeatable levels by time:
     D:4: 1256 daAuts
     D:1: 901 daAuts
     D:2: 808 daAuts
     D:5: 544 daAuts
     D:3: 499 daAuts
